 Dungeon Crawl Stone Soup version 0.28.0-43-g3370ac3207 (webtiles) character file.

Game seed: 343892416736823497

10716 Cykl0x the Geomancer (level 11, -6/67 HPs)
             Began as a Gargoyle Earth Elementalist on Mar 6, 2022.
             Was an Elder of Vehumet.
             Mangled by an orc knight
             ... wielding a +0 bardiche
              (44 damage)
             ... in a bailey.
             The game lasted 00:31:30 (13779 turns).

Cykl0x the Geomancer (Gargoyle Earth Elementalist) Turns: 13779, Time: 00:31:31

Health: -6/67      AC: 19    Str: 14    XL:     11   Next: 66%
Magic:  0/23       EV: 10    Int: 18    God:    Vehumet [****..]
Gold:   1074       SH:  0    Dex: 10    Spells: 15/26 levels left

rFire   . . .      SeeInvis .   w - +9 sword of Zonguldrok {reap}
rCold   . . .      Faith    .   (no shield)
rNeg    + . .      Spirit   .   b - +0 scale mail
rPois   ∞          Reflect  .   a - +2 hat {Stlth+}
rElec   +          Harm     .   D - +0 cloak
rCorr   +          Rampage  .   (no gloves)
Will    .....                   (no boots)
Stlth   +.........              t - amulet of the acrobat
HPRegen 0.21/turn               p - ring of resist corrosion
MPRegen 0.18/turn               (no ring)

@: no status effects
A: sickness immunity, AC +8, negative energy resistance 1, electricity
resistance, torment resistance 1, petrification resistance
a: Renounce Religion


You were in a bailey.
You worshipped Vehumet.
Vehumet was greatly pleased with you.
You visited 1 branch of the dungeon, and saw 10 of its levels.
You also visited: Sewer and Bailey.

You collected 1424 gold pieces.
You spent 350 gold pieces at shops.

Inventory:

Hand Weapons
 g - a +3 short sword of protection
 j - a +1 short sword of venom
 w - the +9 sword of Zonguldrok (weapon) {reap}
   (You found it on level 8 of the Dungeon)

   Any living foe damaged by it may be reanimated upon death as a zombie
   friendly to the wielder, with an increasing chance as more damage is dealt.
 C - a +0 vorpal falchion
 J - the +9 short sword of the Living Dead {vorpal, rC+}
   (You found it on level 9 of the Dungeon)

   It inflicts extra damage upon your enemies.
   rC:        It protects you from cold.
Missiles
 c - 103 stones
Armour
 a - a +2 hat of stealth (worn)
 b - a +0 scale mail (worn)
 l - a +2 robe of fire resistance
 B - a +0 ring mail
 D - a +0 cloak (worn)
 I - a +0 chain mail
Jewellery
 p - a ring of resist corrosion (left hand)
 s - an amulet of faith
 t - an amulet of the acrobat (around neck)
 x - an amulet of reflection
Wands
 n - a wand of polymorph (16)
 o - a wand of iceblast (11)
 q - a wand of flame (25)
 A - a wand of mindburst (5)
Scrolls
 h - 6 scrolls of teleportation
 k - 3 scrolls of blinking
 m - 2 scrolls of magic mapping
 r - a scroll of immolation
 u - 4 scrolls of enchant armour
 y - a scroll of fear
 E - 4 scrolls of amnesia
 G - a scroll of holy word
 H - 2 scrolls of identify
Potions
 d - 8 potions of curing
 e - 2 potions of brilliance
 f - 2 potions of might
 i - a potion of haste
 v - 2 potions of heal wounds
 z - 2 potions of magic
 F - 2 potions of lignification
 L - 2 potions of flight


   Skills:
 * Level 7.1 Fighting
 + Level 1.5(3.6) Short Blades
 + Level 5.1(5.3) Long Blades
 + Level 7.0 Armour
 + Level 5.4 Dodging
 + Level 2.4 Stealth
 + Level 8.2 Spellcasting
 * Level 9.4 Conjurations
 - Level 0.7 Transmutations
 + Level 9.7 Earth Magic


You had 15 spell levels left.
You knew the following spells:

 Your Spells              Type           Power      Damage    Failure   Level
a - Sandblast             Erth           84%        2d18      1%          1
b - Stone Arrow           Conj/Erth      82%        3d12      1%          3
c - Magic Dart            Conj           100%       1d8       1%          1
d - Iron Shot             Conj/Erth      20%        9d5       26%         6

Your spell library contained the following spells:

 Spells                   Type           Power      Damage    Failure   Level
 Olgreb's Toxic Radiance  Pois           7%         N/A       61%         4
 Foxfire                  Conj/Fire      96%        2x1d8     1%          1
 Shock                    Conj/Air       96%        1d9       1%          1
 Conjure Flame            Conj/Fire      24%        6-21      4%          3
 Iskenderun's Battlesphe  Conj           41%        2d9       5%          5
 Passwall                 Tmut/Erth      21%        N/A       6%          2
 Flame Wave               Conj/Fire      24%        2d7       13%         4
 Sticky Flame             Conj/Fire      24%        2d5       13%         4
 Inner Flame              Hex/Fire       7%         N/A       26%         3
 Pain                     Necr           28%        1d5       34%         1
 Petrify                  Tmut/Erth      26%        N/A       36%         4
 Airstrike                Air            3%         N/A       61%         4
 Swiftness                Air            7%         N/A       71%         3
 Vampiric Draining        Necr           7%         2d6       71%         3
 Death Channel            Necr           3%         N/A       100%        6
 Spellforged Servitor     Conj/Summ      12%        N/A       100%        7


Dungeon Overview and Level Annotations

Branches:
Dungeon (10/15)            Temple (0/1) D:6            Lair (0/6) D:9
  Sewer (visited)          Bailey (1/1)
    Orc: D:9-12

Altars:
Cheibriados
Gozag
Hepliaklqana
Kikubaaqudgha
Nemelex Xobeh
Qazlal
Ru
Uskayaw
Vehumet
Xom
Yredelemnul

Shops:
D:9 !

Annotations:
D:3 Grinder


Innate Abilities, Weirdness & Mutations

You are immune to sickness and miasma.
Your stone body is resilient. (AC +8)
You are immune to poison.
You resist negative energy. (rN+)
You are resistant to electric shocks. (rElec)
You are resistant to unholy torment.
You are immune to petrification.


Message History

The orc warrior closely misses you.
The orc knight roars a battlecry!
The orcs go into a battle-frenzy!
The orc knight roars a battlecry!
The orc knight goes into a battle-frenzy!
The stone arrow hits the orc warrior!!
You kill the orc warrior!
Vehumet accepts your kill.
You feel your power returning.
Casting: Stone Arrow (safe; 1% risk of failure)
Confirm with . or Enter, or press ? or * to list all spells.
The spell is quite dangerous to miscast (26% risk of failure)!
Continue anyway?
Aiming: Iron Shot (quite dangerous; 26% risk of failure)
Press: ? - help, Shift-Dir - straight line, f - orc knight
Aim: an orc knight, wielding a +0 halberd and wearing a +0 ring mail (strong, 60% to hit)
The iron shot misses the orc knight.
The stone arrow hits the orc knight!!
The orc knight is moderately wounded.
The stone arrow hits the orc knight!
The orc knight is heavily wounded.
The orc knight hits you from afar with a +0 bardiche!!
Casting: Stone Arrow (safe; 1% risk of failure)
Confirm with . or Enter, or press ? or * to list all spells.
Aiming: Sandblast (safe; 1% risk of failure)
Press: ? - help, Shift-Dir - straight line, f/p - orc knight
Aim: an orc knight, wielding a +0 bardiche and wearing a +0 chain mail (moderately wounded, strong, 81% to hit)
The blast of sand hits the orc knight!
The orc knight is heavily wounded.
c - 103 stones The orc knight no longer looks unusually strong. x2
The orc knight closely misses you.
Aiming: Mindburst
Press: ? - help, Shift-Dir - straight line, f/p - orc knight
Aim: an orc knight, wielding a +0 bardiche and wearing a +0 chain mail (heavily wounded, chance to affect: 47%)
The orc knight resists with some effort.
The orc knight roars a battlecry!
The orc knight goes into a battle-frenzy!
The orc knight hits you from afar with a +0 bardiche!!!
Ouch! That really hurt!
You die...

≈≈≈.≈≈≈..#+...##).≈.#
≈...§§§§..##.##..≈≈.#
...⌠§§§≈≈..#+#..≈).##
..⌠∩§...... #..≈≈.∩#
≈....o§≈.. ##.)≈≈.#
≈≈≈§≈≈≈). ##..≈.#
...§...)# ##.≈.#
###+###'#########.≈.#
#.....##...o..o.@.≈.#
##.∩.##..≈≈≈≈≈≈≈≈≈≈.#
.## ##))≈≈..........#
..###..≈≈..##########
≈.....≈≈..##
≈≈≈≈≈≈≈..##
........## #########


You could see 2 orc knights.

Vanquished Creatures
  A centaur warrior (D:9)
  A two-headed ogre (D:9)
  Pikel (D:6)
  A troll (D:10)
  A wraith (D:9)
  2 wyverns
  11 yaks
  Eustachio (D:6)
  2 wargs (D:9)
  Menkaure (D:4)
  An acid dragon (D:9)
  A water moccasin (D:8)
  Duvessa (D:7)
  2 ice beasts
  9 orc warriors
  A hornet zombie (D:5)
  2 sky beasts
  3 ogres
  A black bear (D:6)
  3 necrophages
  5 centaurs
  The ghost of hitsuchi the Magician, an amateur DgFE (D:4)
  A lemure (D:6)
  3 bullfrogs
  4 gnoll sergeants
  Dowan (D:7)
  3 killer bees (D:8)
  A bullfrog zombie (D:6)
  A centaur zombie (D:6)
  A hound (D:4)
  3 bullfrog skeletons
  9 orc priests
  Crazy Yiuf (D:4)
  A gnoll shaman (D:4)
  A hell rat (Sewer)
  2 iguanas
  14 orc wizards
  Ijyb (D:4)
  2 killer bee zombies
  15 gnolls
  7 adders
  2 howler monkey skeletons (D:7)
  3 river rats (Sewer)
  A white imp (D:5)
  2 ufetubi
  2 adder zombies (D:4)
  A worm (D:4)
  2 dart slugs (D:1)
  42 orcs
  7 bats
  11 endoplasms
  8 giant cockroaches
  13 goblins
  9 hobgoblins
  8 jackals
  11 kobolds
  4 quokkas
  9 ball pythons
  A frilled lizard (D:2)
  19 rats
278 creatures vanquished.

Vanquished Creatures (collateral kills)
  A yak (D:9)
  A centaur (D:8)
  A killer bee (D:8)
  A wight (D:8)
  2 orc wizards (D:8)
  A killer bee zombie (D:8)
  A howler monkey zombie (D:8)
  2 orcs (D:9)
10 creatures vanquished.

Vanquished Creatures (others)
  6 plants
6 creatures vanquished.

Grand Total: 294 creatures vanquished

Notes
Turn   | Place    | Note
-------+----------+-------------------------------------------
     0 | D:1      | Cykl0x the Gargoyle Earth Elementalist began the quest for
                  | the Orb.
     0 | D:1      | Reached XP level 1. HP: 10/10 MP: 3/3
   149 | D:1      | Reached XP level 2. HP: 15/15 MP: 1/5
   396 | D:1      | Reached skill level 1 in Conjurations
   639 | D:1      | Reached XP level 3. HP: 19/19 MP: 4/6
   643 | D:1      | Learned a level 3 spell: Stone Arrow
   764 | D:1      | Found a faded altar of an unknown god.
  1009 | D:1      | Identified a scroll of acquirement
  1009 | D:1      | Acquired 831 gold pieces
  1159 | D:2      | Reached XP level 4. HP: 24/24 MP: 1/8
  1932 | D:2      | Reached XP level 5. HP: 27/28 MP: 1/9
  2928 | D:3      | Reached skill level 5 in Earth Magic
  2928 | D:3      | Reached XP level 6. HP: 33/33 MP: 4/12
  3260 | D:3      | Noticed Grinder
  3261 | D:3      | You fall into a shaft and drop 2 floors!
  3261 | D:5      | Entered Level 5 of the Dungeon
  3472 | D:5      | Found a faded altar of an unknown god.
  3472 | D:5      | Found a faded altar of an unknown god.
  3472 | D:5      | Found a hazy altar of Hepliaklqana.
  3472 | D:5      | Noticed a necrophage
  3477 | D:5      | Killed a necrophage
  3478 | D:5      | Found a faded altar of an unknown god.
  4246 | D:5      | Reached XP level 7. HP: 14/37 MP: 0/14
  4573 | D:4      | Found an ancient bone altar of Kikubaaqudgha.
  4573 | D:4      | Found a radiant altar of Vehumet.
  4573 | D:4      | Found a snail-covered altar of Cheibriados.
  4575 | D:4      | Found an opulent altar of Gozag.
  4576 | D:4      | Found a sparkling altar of Nemelex Xobeh.
  4579 | D:4      | Became a worshipper of Vehumet
  4601 | D:4      | Found a glowing drain.
  4616 | Sewer    | Entered a sewer
  4961 | Sewer    | Reached skill level 5 in Spellcasting
  5042 | D:4      | Found a runed translucent gate.
  5042 | D:4      | Found a runed translucent gate.
  5042 | D:4      | Found a runed translucent gate.
  5042 | D:4      | Noticed hitsuchi's ghost (amateur DgFE)
  5044 | D:4      | Found a basalt altar of Yredelemnul.
  5187 | D:4      | Reached * piety under Vehumet
  5187 | D:4      | Offered knowledge of Magic Dart by Vehumet.
  5195 | D:4      | Learned a level 1 spell: Magic Dart
  5457 | D:4      | Reached skill level 1 in Short Blades
  5587 | D:4      | Reached XP level 8. HP: 42/42 MP: 7/15
  5684 | D:4      | Noticed Menkaure
  5689 | D:4      | Killed Menkaure
  5690 | D:4      | Reached skill level 1 in Fighting
  5798 | D:4      | Noticed Ijyb
  5801 | D:4      | Killed Ijyb
  5991 | D:4      | Found a runed translucent door.
  5992 | D:4      | Noticed Crazy Yiuf
  6250 | D:4      | Found a shimmering altar of Xom.
  6357 | D:4      | Reached skill level 5 in Conjurations
  6600 | D:4      | Killed hitsuchi's ghost
  6731 | D:4      | Killed Crazy Yiuf
  6859 | D:4      | Reached skill level 5 in Dodging
  6859 | D:4      | Reached XP level 9. HP: 52/52 MP: 16/19
  7218 | D:6      | Got Etwaeq's Catalogue of Sinister Flames
  7421 | D:6      | Identified the +11 quarterstaff "Nylom" {elec, rF- rC++}
  7879 | D:6      | Noticed Pikel
  7886 | D:6      | Killed Pikel
  7887 | D:6      | Reached skill level 5 in Fighting
  7887 | D:6      | Reached XP level 10. HP: 59/59 MP: 2/20
  8019 | D:6      | Found a staircase to the Ecumenical Temple.
  8117 | D:6      | Noticed Eustachio
  8129 | D:6      | Killed Eustachio
  8681 | D:7      | Noticed Dowan
  8683 | D:7      | Noticed Duvessa
  8688 | D:7      | Killed Duvessa
  8718 | D:7      | Killed Dowan
  9004 | D:7      | Reached ** piety under Vehumet
  9199 | D:7      | HP: 3/60 [gnoll sergeant/+2 trident of flaming (3)]
  9210 | D:7      | Offered knowledge of Static Discharge by Vehumet.
  9769 | D:7      | Learned a level 6 spell: Iron Shot
  9777 | D:8      | Found the +9 sword of Zonguldrok {reap}
 10462 | D:8      | Offered knowledge of Poisonous Vapours by Vehumet.
 10539 | D:8      | Reached XP level 11. HP: 41/64 MP: 9/22
 10932 | D:8      | Found a stormy altar of Qazlal.
 11245 | D:9      | Noticed a two-headed ogre
 11249 | D:9      | Killed a two-headed ogre
 11681 | D:9      | Noticed a centaur warrior
 11688 | D:9      | Killed a centaur warrior
 11757 | D:9      | Reached *** piety under Vehumet
 12161 | D:9      | Identified the +9 short sword of the Living Dead {vorpal,
                  | rC+}
 12296 | D:9      | Found a sacrificial altar of Ru.
 12340 | D:9      | Found Hewk's Distillery.
 12343 | D:9      | Bought a potion of heal wounds for 70 gold pieces
 12343 | D:9      | Bought a potion of curing for 42 gold pieces
 12343 | D:9      | Bought a potion of heal wounds for 70 gold pieces
 12343 | D:9      | Bought 2 potions of curing for 84 gold pieces
 12343 | D:9      | Bought a potion of curing for 42 gold pieces
 12343 | D:9      | Bought a potion of curing for 42 gold pieces
 12368 | D:9      | Found a staircase to the Lair.
 12379 | D:9      | Offered knowledge of Olgreb's Toxic Radiance by Vehumet.
 12918 | D:9      | Found a hide-covered altar of Uskayaw.
 13090 | D:9      | Reached skill level 5 in Long Blades
 13220 | D:10     | Entered Level 10 of the Dungeon
 13284 | D:10     | Found a flagged portal.
 13293 | Bailey   | Entered a bailey
 13409 | Bailey   | Reached **** piety under Vehumet
 13759 | Bailey   | Noticed an orc knight
 13759 | Bailey   | Noticed an orc knight
 13759 | Bailey   | Noticed an orc knight
 13779 | Bailey   | Mangled by an orc knight

Illustrated notes

Levels and vault maps discovered:
D:1:      dpeg_arrival_stone_temple_mockup, layout_rooms,
          hellmonk_ecumenical_altar_inner_sanctum,
          corexii_item_surrounded_by_moat, fountainhead, minmay_heptomino_w4
D:2:      cheibrodos_pilgrimage, layout_basic
D:3:      layout_basic, nicolae_concentric_dashed_squares_wild, uniq_grinder
D:4:      layout_rooms, lemuel_round_altar, nicolae_yredelemnul_ghost_church,
          grunt_temple_overflow_open, portal_sewer_entry_a, serial_glass,
          glass_columns_c, glass_columns_a, glass_columns_c, glass_columns_a,
          feat_on_display, bh_walls_and_bars, uniq_ijyb, uniq_menkaure,
          uniq_crazy_yiuf_cottage
D:5:      corexii_shack_village, layout_basic,
          nicolae_hepliaklqana_ecumenical_no_more
D:6:      layout_loops_ring, minmay_temple_entry_poolview, uniq_pikel,
          uniq_eustachio
D:7:      layout_gridville, nicolae_grassy_gnolls, uniq_duvessa
D:8:      layout_cave_pools, lemuel_tele_altar, hangedman_minor_gate_pass
D:9:      minmay_inner_zag, layout_loops_ring, mainiacjoe_overflow_big_doors,
          erik_lair_orcish_takeover, serial_shops, kennysheep_mini
D:10:     layout_roguey, mainiacjoe_overflow_concentric_impassable,
          enter_bailey_3
Bailey:   bailey_polearm_1, bailey

Skill      XL: |  1  2  3  4  5  6  7  8  9 10 11 |
---------------+----------------------------------+-----
Earth Magic    | 4 5 6 8 9 |  9.7
Conjurations   | 1 2 3 4 6 7 8 9 |  9.4
Spellcasting   | 3 4 5 6 7 8 |  8.2
Dodging        | 2 5 |  5.4
Short Blades   | 1 |  1.5
Fighting       | 4 5 6 7 |  7.1
Long Blades    | 3 4 5 |  5.1
Armour         | 6 7 |  7.0
Stealth        | |  2.4
Transmutations | |  0.7

Action                   |  1- 3 |  4- 6 |  7- 9 | 10-12 || total
-------------------------+-------+-------+-------+-------++-------
Melee: Dagger            |    15 |       |       |       ||    15
       Short sword       |     8 |    11 |    44 |       ||    63
       Punch             |       |       |     1 |     3 ||     4
       Falchion          |       |       |     7 |    13 ||    20
       Double sword      |       |       |       |   107 ||   107
 Cast: Sandblast         |    34 |    54 |    21 |    16 ||   125
       Stone Arrow       |     7 |    40 |    85 |   134 ||   266
       Magic Dart        |       |       |    26 |    38 ||    64
       Iron Shot         |       |       |       |     5 ||     5
Evoke: Wand              |       |       |       |     6 ||     6
  Use: Scroll            |     2 |     7 |    10 |     6 ||    25
       Potion            |       |       |     1 |     4 ||     5
 Stab: Distracted        |       |       |       |     1 ||     1
Armor: Robe              |    10 |    23 |    18 |       ||    51
       Ring mail         |       |       |    11 |       ||    11
       Scale mail        |       |       |     6 |   110 ||   116
       Chain mail        |       |       |       |    49 ||    49
Dodge: Dodged            |    15 |    28 |    42 |   161 ||   246
